 Dungeon Crawl Stone Soup version 0.31-a0-875-g02e7d12df6 (webtiles) character file.

Game seed: 11667112073528614932

1117 Dirtsage the Ruffian (level 8, 0/54 HPs)
             Began as an Octopode Shapeshifter on Oct 12, 2023.
             Slain by an ogre
             ... wielding a +0 giant spiked club
              (19 damage)
             ... on level 6 of the Dungeon.
             The game lasted 00:06:29 (4722 turns).

Dirtsage the Ruffian (Octopode Shapeshifter)        Turns: 4722, Time: 00:06:30

Health: 0/54       AC:  1    Str: 15    XL:     8   Next: 34%
Magic:  8/8        EV: 13    Int: 13    God:
Gold:   236        SH:  0    Dex: 11    Spells: 7/7 levels left

rFire   . .          .
                       - Unarmed
rCold   . . .        (no shield)
rNeg    . . .        (helmet currently unavailable)
rPois   .            (no amulet)
rElec   .            f - ring of willpower
rCorr   .            (no ring)
SInv    .            (no ring)
Will    +....        (no ring)
Stlth   ++           (no ring)
HPRegen 0.29/turn    (no ring)
MPRegen 0.11/turn    (no ring)
                     (no ring)

%: no passive effects
@: beast-form
A: beast (slay +3), almost no armour, amphibious, 8 rings, camouflage 1,
gelatinous body 1, (nimble swimmer 1), tentacles
a: Begin Untransformation


You were on level 6 of the Dungeon.
You were a hulking beast.
You visited 1 branch of the dungeon, and saw 6 of its levels.

You collected 236 gold pieces.

Inventory:

Missiles
 i - a curare-tipped dart
Magical Staves
 j - a staff of air
Jewellery
 f - a ring of willpower (left tentacle)
Talismans
 b - a beast talisman (active)
 c - a flux talisman
Scrolls
 a - a scroll of brand weapon {unknown}
 d - a scroll of acquirement {unknown}
 g - a scroll of enchant armour
 k - a scroll of summoning {unknown}
 m - a scroll of poison {unknown}
 t - a scroll of teleportation
Potions
 e - a potion of ambrosia
 h - 2 potions of lignification
 l - a potion of heal wounds
 q - 2 potions of curing


   Skills:
 + Level 4.2 Fighting
 - Level 2.0 Dodging
 * Level 6.7 Unarmed Combat
 * Level 6.3 Shapeshifting


You had 7 spell levels left.
You didn't know any spells.
Your spell library contained the following spells:

 Spells                   Type           Power      Damage    Failure   Level
 Kiss of Death            Conj/Necr      0%         2d5       30%         1
 Magic Dart               Conj           0%         1d3       30%         1
 Slow                     Hex            0%         N/A       30%         1
 Summon Small Mammal      Summ           0%         N/A       30%         1
 Call Imp                 Summ           0%         N/A       43%         2
 Sublimation of Blood     Necr           0%         N/A       43%         2
 Call Canine Familiar     Summ           0%         N/A       67%         3
 Confusing Touch          Hex            0%         N/A       67%         3
 Mephitic Cloud           Conj/Pois/Air  0%         N/A       67%         3
 Sigil of Binding         Hex            0%         N/A       67%         3
 Summon Guardian Golem    Hex/Summ       0%         N/A       67%         3
 Vampiric Draining        Necr           0%         2d6       67%         3
 Dispel Undead            Necr           0%         3d6       97%         4
 Petrify                  Tmut/Erth      0%         N/A       97%         4
 Irradiate                Conj/Tmut      0%         3d11      100%        5


Dungeon Overview and Level Annotations

Branches:
Dungeon (6/15)
 Temple: D:4-7

Altars:
Ashenzari
Fedhas

Shops:
D:2 ?


Innate Abilities, Weirdness & Mutations

You are a hulking beast.
Your limbs bulge with bestial killing power. (Slay +3)
You cannot wear most types of armour.
You are amphibious.
You can wear up to eight rings at the same time.
Your skin changes colour to match your surroundings (Stealth+).
Your rubbery body absorbs attacks. (AC +1, EV +1)
((You are camouflaged when in or above water. (Stealth+)))
You have tentacles for arms and can constrict up to eight enemies at once.


Message History

You bludgeon the black bear! Your grab misses the black bear.
The black bear is moderately wounded.
The black bear bites you. The black bear claws you. x2
You take 11 damage, and have 43/54 hp.
MASSIVE DAMAGE!!
You tentacle-slap the black bear. You grab the black bear.
You squeeze the black bear!
The black bear is severely wounded.
You constrict the black bear, but do no damage.
The black bear goes berserk!
You tentacle-slap the black bear.
The black bear is almost dead.
You constrict the black bear.
The black bear bites you but does no damage.
The black bear closely misses you. The black bear claws you.
You take 2 damage, and have 41/54 hp.
You tentacle-slap the black bear.
You kill the black bear!
You see here a black bear corpse.
You see here 6 stones.
You now have 236 gold pieces (gained 13).
An ogre comes into view. It is wielding a +0 giant spiked club.
Found an escape hatch in the ceiling.
Health restored: 54
Okay, then.
The ogre shouts!
You closely miss the ogre.
The ogre hits you with a +0 giant spiked club!!!
Ouch! That really hurt!
You take 36 damage, and have 18/54 hp.
MASSIVE DAMAGE!!
You bludgeon the ogre!
The ogre is moderately wounded.
You tentacle-slap the ogre.
The ogre is heavily wounded.
The ogre misses you.
You tentacle-slap the ogre. Your squeeze misses the ogre.
The ogre is severely wounded.
You tentacle-slap the ogre. Your squeeze misses the ogre.
The ogre is almost dead.
The ogre hits you with a +0 giant spiked club!!
You die...

#############
###...........######.
#...†(...##......$...
#.#.####.##.#h#######
#.#.# #.##.#O# #.#.#
#.##.#<# #.#.#
#.##.#.# #.#.#
#.......
####.#.####.#####.
............# .
.)..........# ..
####........


You could see an ogre.

Vanquished Creatures
  Grinder (D:5)
  An orc warrior (D:3)
  2 black bears
  An ogre (D:5)
  A kobold brigand (D:6)
  A gnoll sergeant (D:4)
  A scorpion (D:4)
  A hound (D:4)
  2 orc priests
  An iguana (D:6)
  3 orc wizards
  4 gnolls (D:4)
  4 adders
  A shadow imp (D:5)
  4 dart slugs
  13 orcs
  8 ball pythons
  2 endoplasms
  3 giant cockroaches
  10 hobgoblins
  4 jackals (D:1)
  2 quokkas
  5 bats
  A frilled lizard (D:2)
  5 goblins
  11 kobolds
  3 rats
95 creatures vanquished.

Notes
Turn   | Place    | Note
-------+----------+-------------------------------------------
     0 | D:1      | Dirtsage the Octopode Shapeshifter began the quest for the
                  | Orb.
     0 | D:1      | Reached XP level 1. HP: 13/13 MP: 1/1
   158 | D:1      | Reached XP level 2. HP: 18/18 MP: 2/2
   447 | D:1      | Found a faded altar of an unknown god.
   842 | D:2      | Reached XP level 3. HP: 23/23 MP: 3/3
  1432 | D:2      | Found Jifakk's Magic Scroll Emporium.
  1973 | D:3      | Reached XP level 4. HP: 29/29 MP: 4/4
  2063 | D:3      | Found a broken altar of Ashenzari.
  2072 | D:3      | Noticed an orc warrior
  2107 | D:3      | Killed an orc warrior
  2108 | D:3      | Reached XP level 5. HP: 5/34 MP: 5/5
  2801 | D:4      | Reached XP level 6. HP: 41/41 MP: 6/6
  3056 | D:5      | Entered Level 5 of the Dungeon
  3126 | D:5      | Found a blossoming altar of Fedhas.
  3246 | D:5      | Noticed Grinder
  3252 | D:5      | Killed Grinder
  3253 | D:5      | Reached skill level 5 in Unarmed Combat
  3253 | D:5      | Reached skill level 5 in Shapeshifting
  3253 | D:5      | Reached XP level 7. HP: 36/46 MP: 7/7
  4306 | D:5      | Reached XP level 8. HP: 51/54 MP: 8/8
  4722 | D:6      | Slain by an ogre

Illustrated notes

Levels and vault maps discovered:
D:1:      minmay_arrival_diagonal_passages, layout_basic,
          hellmonk_ecumenical_altar_inner_sanctum, hangedman_glass_garden,
          minmay_misc_feat_columns
D:2:      layout_loops_corners, serial_shops, nicolae_shop_back_alley_shop
D:3:      layout_loops_corners, old_standard_altar
D:4:      layout_loops_ring
D:5:      layout_basic, lemuel_crystal_altar, uniq_grinder
D:6:      layout_loops_ring, corexii_shack, uniq_pikel

Skill      XL: |  1  2  3  4  5  6  7  8 |
---------------+-------------------------+-----
Fighting       | 2 3 4 |  4.2
Unarmed Combat | 4 5 6 |  6.7
Shapeshifting  | 4 5 6 |  6.3
Dodging        | |  2.0

Action                     |  1- 3 |  4- 6 |  7- 9 || total
---------------------------+-------+-------+-------++-------
  Melee: Unarmed           |    71 |    76 |    82 ||   229
         Tentacles         |    13 |    14 |    17 ||    44
         Constrict         |    16 |    13 |    16 ||    45
         Punch             |     1 |     1 |     2 ||     4
    Use: Potion            |       |     4 |       ||     4
         Scroll            |       |     7 |     2 ||     9
   Stab: Sleeping          |     5 |     4 |     1 ||    10
 Armour: Skin              |    19 |    38 |    41 ||    98
  Dodge: Dodged            |    41 |    22 |    34 ||    97

Table legend: (Time is in decaauts)
 A = Elapsed time spent in this place.
 B = Non-inter-level travel time spent in this place.
 C = Inter-level travel time spent in this place.
 D = Time resting spent in this place.
 E = Time spent auto-exploring this place.
 F = Levels seen in this place.
 G = Mean time per level.
                   A        B        C        D        E       F      G
               +--------+--------+--------+--------+--------+-----+--------+
         Total |   4680 |   4412 |    268 |    100 |   3669 |   6 |  780.0 |
       Dungeon |   4680 |   4412 |    268 |    100 |   3669 |   6 |  780.0 |
               +--------+--------+--------+--------+--------+-----+--------+

Top non-repeatable levels by time:
     D:3: 1143 daAuts
     D:2: 936 daAuts
     D:4: 916 daAuts
     D:1: 781 daAuts
     D:5: 589 daAuts
     D:6: 312 daAuts
